 Dungeon Crawl Stone Soup version 0.29-a0-892-g2c4c91d9db (webtiles) character file.

Game seed: 6448485837113342419

945 sanka the Martial Artist (level 8, -4/66 HPs)
             Began as a Meteoran Transmuter on July 22, 2022.
             Was a Follower of Makhleb.
             Slain by a gnoll
             ... wielding a +0 halberd
             ... led by a gnoll sergeant
              (10 damage)
             ... on level 5 of the Dungeon.
             The game lasted 00:13:56 (2351 turns).

sanka the Martial Artist (Meteoran Transmuter)      Turns: 2351, Time: 00:13:57

Health: -4/66      AC:  2    Str: 15    XL:     8   Next: 61%
Magic:  8/13       EV: 20    Int: 17    God:    Makhleb [*.....]
Gold:   319        SH:  0    Dex: 20    Spells: 7/13 levels left

rFire   . . .      SeeInvis .     - Unarmed
rCold   . . .      Faith    +   (shield currently unavailable)
rNeg    . . .      Spirit   .   (body armour currently unavailable)
rPois   x          Reflect  .   (helmet currently unavailable)
rElec   .          Harm     .   (cloak currently unavailable)
rCorr   +          Rampage  .   (gloves currently unavailable)
Will    ++...                   (boots currently unavailable)
Stlth   +.........              m - amulet of the Jester {Faith Will+ rCorr Str+4 Stlth-}
HPRegen 0.21/turn               (no ring)
MPRegen 0.13/turn               (no ring)

@: spider-form, wereblooded (expiring), glowing
A: venomous fangs, tiny, sense surroundings 1, otherworldly, glowing, explore
regen
a: End Transformation, Renounce Religion


You were on level 5 of the Dungeon.
You worshipped Makhleb.
Makhleb was aware of your devotion.
You were a venomous arachnid creature.
You visited 1 branch of the dungeon, and saw 5 of its levels.

You collected 319 gold pieces.


Innate Abilities, Weirdness & Mutations

You are a venomous arachnid creature.
You have poisonous fangs.
You are tiny and dextrous.
Your spellcasting is less reliable in this form.
Your armour is entirely melded.
You are incapable of wielding weapons or throwing items.
You passively map a small area around you.
You are easily found by Zot.
You glow in the dark.
You regain HP and MP as you explore.


   Skills:
 - Level 4.0 Fighting
 - Level 2.4 Dodging
 + Level 9.1 Unarmed Combat
 - Level 3.0 Spellcasting
 - Level 4.0 Transmutations
 - Level 4.0 Poison Magic


You had 7 spell levels left.
You knew the following spells:

 Your Spells              Type           Power      Damage    Failure   Level
x - Spider Form           Tmut/Pois      16%        N/A       24%         3
y - Wereblood             Tmut           16%        N/A       14%         2
z - Beastly Appendage     Tmut           32%        N/A       11%         1

Your spell library contained the following spells:

 Spells                   Type           Power      Damage    Failure   Level
 Necrotise                Necr           8%         1d4       36%         1
 Ignite Poison            Fire/Tmut/Pois 11%        N/A       38%         3
 Blink                    Tloc           4%         N/A       47%         2
 Mephitic Cloud           Conj/Pois/Air  7%         N/A       52%         3
 Lesser Beckoning         Tloc           2%         N/A       67%         3
 Vampiric Draining        Necr           2%         2d6       67%         3
 Ice Form                 Ice/Tmut       9%         N/A       78%         4
 Agony                    Necr           2%         N/A       100%        5
 Freezing Cloud           Conj/Ice/Air   1%         6-21      100%        5
 Manifold Assault         Tloc           2%         N/A       100%        5
 Summon Forest            Summ/Tloc      1%         N/A       100%        5
 Conjure Ball Lightning   Conj/Air       1%         3x3d6     100%        6
 Eringya's Noxious Bog    Tmut/Pois      8%         N/A       100%        6
 Summon Hydra             Summ           1%         N/A       100%        7
 Borgnjor's Revivificati  Necr           1%         N/A       100%        8
 Discord                  Hex            1%         N/A       100%        8
 Disjunction              Tloc           1%         N/A       100%        8
 Necromutation            Tmut/Necr      4%         N/A       100%        8
 Death's Door             Necr           1%         N/A       100%        9

Inventory:

Armour
 a - a +0 robe (melded)
 d - a +0 pair of boots (melded)
 q - a +0 helmet (melded)
Magical Staves
 u - a staff of fire
Jewellery
 m - the amulet of the Jester (around neck) {Faith Will+ rCorr Str+4 Stlth-}

   [amulet of faith]

   It allows you to gain divine favour quickly.
   Str:       It affects your strength (+4).
   rCorr:     It protects you from acid and corrosion.
   Will:      It increases your willpower.
   Stlth:     It makes you less stealthy.
Wands
 k - a wand of quicksilver (8)
Scrolls
 b - 2 scrolls of enchant weapon {unknown}
 e - a scroll of magic mapping {unknown}
 f - 9 scrolls of identify {unknown}
 g - 3 scrolls of summoning {unknown}
 h - 2 scrolls of immolation {unknown}
 i - 2 scrolls of blinking {unknown}
 l - 3 scrolls of enchant armour {unknown}
 n - 2 scrolls of teleportation {unknown}
Potions
 c - 3 potions of curing {@q1}
 j - 2 potions of heal wounds {unknown}
 o - a potion of resistance {unknown}
 p - a potion of flight {unknown}
 r - a potion of ambrosia {unknown}
 s - 2 potions of invisibility {unknown}
 t - a potion of lignification {!q}

Dungeon Overview and Level Annotations

Branches:
Dungeon (5/15) Zot: 671
 Temple: D:4-7

Altars:
Gozag
Kikubaaqudgha
Makhleb
Ru
Vehumet

Annotations:
D:5 Pikel

▒..▒▒...▒▒▒................
..........▒................
..........▒................
..........▒................,
▒▒▒▒▒.....▒................
, ,
....▒.....▒......▒▒▒▒+▒▒▒▒▒
....▒.....▒......▒5....▒
..).▒.....▒.....)Kgg...▒
....▒▒▒▒▒▒▒.....s▒.....▒
....▒ ▒▒.....▒5...▒▒ ▒▒▒▒▒
▒.....▒....▒ ▒.....▒5.....
▒.....▒.......
▒.....▒.......
▒.....▒....... ▒.....▒ , ,
▒.....▒ ░ ░ ░


You could see Pikel (extremely poisoned), a lemure and 2 gnolls.


Message History

Pikel closely misses you.
Unknown command.
Unknown command.
You hit Pikel.
Pikel looks as sick as possible!
Pikel is moderately wounded.
The gnoll closely misses you.
Pikel hits you with a +0 whip of freezing.
* * * LOW HITPOINT WARNING * * *
Pikel freezes you.
* * * LOW HITPOINT WARNING * * *
Unknown command.
You closely miss Pikel.
Pikel is moderately wounded.
You bite Pikel!
Pikel looks as sick as possible!
Pikel is severely wounded.
Pikel hits you with a +0 whip of freezing!
* * * LOW HITPOINT WARNING * * *
Pikel freezes you.
* * * LOW HITPOINT WARNING * * *
The gnoll barely misses you.
You hit Pikel.
Pikel is severely wounded.
Pikel hits you with a +0 whip of freezing.
* * * LOW HITPOINT WARNING * * *
Pikel freezes you.
* * * LOW HITPOINT WARNING * * *
The gnoll hits you from afar with a +0 halberd!
You die...

Action                   |  1- 3 |  4- 6 |  7- 9 || total
-------------------------+-------+-------+-------++-------
Melee: Unarmed           |    39 |    88 |    91 ||   218
       Kick              |     8 |     6 |     1 ||    15
       Headbutt          |     1 |     7 |     1 ||     9
       Punch             |     1 |     1 |     1 ||     3
 Cast: Beastly Appendage |    10 |     8 |     2 ||    20
       Spider Form       |       |     3 |     9 ||    12
       Wereblood         |       |       |     2 ||     2
  Use: Potion            |       |       |     2 ||     2
Armor: Robe              |    10 |    10 |     2 ||    22
       Skin              |       |     3 |    23 ||    26
Dodge: Dodged            |    12 |    42 |    58 ||   112

Levels and vault maps discovered:
D:1:      roderic_crossed_star, layout_rooms, basic_ecumenical_altar
D:2:      layout_loops_ring, ebering_dispersal_statue_hall,
          small_statue_intersection
D:3:      layout_loops_ring, grunt_temple_overflow_lords_of_destruction,
          nicolae_gozag_seed_capital, nicolae_kikubaaqudgha_miasma_corner,
          kennysheep_generic_room_16
D:4:      layout_basic, nicolae_ru_sacrificial_ziggurat, minmay_bent,
          uniq_natasha
D:5:      layout_gridville, minmay_temple_entry_wispy,
          ebering_ghost_inner_flame, palyth_stone_intersect,
          amcnicky_mini_pool_small, minivault_24, uniq_pikel

Notes
Turn   | Place    | Note
-------+----------+-------------------------------------------
     0 | D:1      | sanka the Meteoran Transmuter began the quest for the Orb.
     0 | D:1      | Reached XP level 1. HP: 16/16 MP: 5/5
   136 | D:1      | Reached XP level 2. HP: 23/23 MP: 6/6
   158 | D:1      | Reached skill level 3 in Spellcasting
   158 | D:1      | Reached skill level 1 in Poison Magic
   243 | D:1      | Reached skill level 3 in Transmutations
   253 | D:1      | Reached XP level 3. HP: 25/28 MP: 6/8
   282 | D:1      | Found a faded altar of an unknown god.
   373 | D:2      | Reached skill level 2 in Poison Magic
   376 | D:2      | Learned a level 2 spell: Wereblood
   380 | D:2      | Learned a level 3 spell: Spider Form
   410 | D:2      | Reached XP level 4. HP: 24/35 MP: 7/9
   603 | D:3      | Noticed a phantom
   626 | D:3      | Killed a phantom
   627 | D:3      | Reached skill level 4 in Transmutations
   627 | D:3      | Reached skill level 4 in Poison Magic
   627 | D:3      | Reached XP level 5. HP: 18/40 MP: 10/10
   648 | D:3      | Found an ancient bone altar of Kikubaaqudgha.
   808 | D:2      | Reached skill level 4 in Unarmed Combat
   962 | D:3      | Identified the +1 chain mail "Zouwezewn" {Stlth+}
  1078 | D:3      | Identified the amulet of the Jester {Faith Will+ rCorr
                  | Str+4 Stlth-}
  1286 | D:3      | Found a burning altar of Makhleb.
  1287 | D:3      | Found a radiant altar of Vehumet.
  1305 | D:3      | Reached skill level 2 in Fighting
  1305 | D:3      | Reached XP level 6. HP: 39/48 MP: 11/11
  1310 | D:3      | Became a worshipper of Makhleb the Destroyer
  1326 | D:3      | Found an opulent altar of Gozag.
  1490 | D:4      | Reached skill level 3 in Fighting
  1490 | D:4      | Reached skill level 5 in Unarmed Combat
  1490 | D:4      | Reached XP level 7. HP: 45/57 MP: 8/12
  1570 | D:4      | Noticed a water moccasin
  1581 | D:4      | Reached skill level 4 in Fighting
  1584 | D:4      | Reached skill level 6 in Unarmed Combat
  1594 | D:4      | Killed a water moccasin
  1595 | D:4      | Reached skill level 7 in Unarmed Combat
  1595 | D:4      | Reached XP level 8. HP: 35/66 MP: 10/13
  1603 | D:4      | Reached * piety under Makhleb
  1826 | D:4      | Found a sacrificial altar of Ru.
  1899 | D:4      | Noticed Natasha
  1911 | D:4      | Killed Natasha
  1923 | D:4      | Reached skill level 8 in Unarmed Combat
  1986 | D:5      | Entered Level 5 of the Dungeon
  2321 | D:5      | Noticed Pikel
  2339 | D:5      | Reached skill level 9 in Unarmed Combat
  2351 | D:5      | HP: 6/66 [Pikel/+0 whip of freezing (1)]
  2351 | D:5      | Slain by a gnoll

Vanquished Creatures
  A water moccasin (D:4)
  An ogre (D:4)
  2 phantoms
  A gnoll sergeant (D:5)
  2 necrophages (D:4)
  2 scorpions
  A crimson imp (D:3)
  A hound (D:5)
  An iguana (D:4)
  Natasha (D:4)
  An orc wizard (D:4)
  4 adders
  7 gnolls
  A white imp (D:5)
  5 orcs (D:4)
  4 ball pythons (D:1)
  12 endoplasms
  2 giant cockroaches
  6 hobgoblins
  A quokka (D:4)
  3 bats
  A frilled lizard (D:1)
  8 goblins
  4 kobolds
  3 rats
75 creatures vanquished.
